 Dungeon Crawl Stone Soup version 0.31-a0-232-gb1c03b2570 (webtiles) character file.

Game seed: 2229192188611450645

1257 qw the Skirmisher (level 8, -16/49 HPs)
             Began as a Gargoyle Hexslinger on July 6, 2023.
             Was an Initiate of Okawaru.
             Demolished by an ogre
             ... wielding a +0 giant club
              (32 damage)
             ... on level 6 of the Dungeon.
             The game lasted 00:02:23 (4812 turns).

qw the Skirmisher (Gargoyle Hexslinger)             Turns: 4812, Time: 00:02:23

Health: -16/49     AC: 12    Str: 12    XL:     8   Next: 51%
Magic:  9/9        EV: 10    Int: 14    God:    Okawaru [......]
Gold:   159        SH:  0    Dex: 14    Spells: 8/9 levels left

rFire   . . .        Y - +1 arbalest
rCold   . . .        (shield currently unavailable)
rNeg    + . .        h - +0 ring mail
rPois   inf          d - +0 helmet
rElec   +            (no cloak)
rCorr   .            (no gloves)
SInv    .            (no boots)
Will    .....        (no amulet)
Stlth   +            (no ring)
HPRegen 0.28/turn    (no ring)
MPRegen 0.11/turn

%: no passive effects
@: no status effects
A: sickness immunity, AC +5, negative energy resistance 1, electricity
resistance, torment resistance 1, petrification resistance
a: Renounce Religion


You were on level 6 of the Dungeon.
You worshipped Okawaru.
Okawaru was noncommittal.
You visited 2 branches of the dungeon, and saw 7 of its levels.

You collected 159 gold pieces.


Innate Abilities, Weirdness & Mutations

You are immune to sickness and miasma.
Your stone body is resilient. (AC +5)
You are immune to poison.
You resist negative energy. (rN+)
You are resistant to electric shocks. (rElec)
You are resistant to unholy torment.
You are immune to petrification.


   Skills:
 - Level 5.2 Fighting
 + Level 8.6 Ranged Weapons
 - Level 2.4 Armour
 - Level 1.5 Dodging
 - Level 1.0 Spellcasting
 - Level 2.6 Hexes


You had 8 spell levels left.
You knew the following spells:

 Your Spells              Type           Power      Damage    Failure   Level
a - Slow                  Hex            32%        N/A       19%         1

Your spell library contained the following spells:

 Spells                   Type           Power      Damage    Failure   Level
 Inner Flame              Hex/Fire       4%         N/A       69%         3
 Portal Projectile        Hex/Tloc       8%         N/A       69%         3
 Cause Fear               Hex            4%         N/A       88%         4

Inventory:

Hand Weapons
 Y - a +1 arbalest (weapon)
Armour
 d - a +0 helmet (worn)
 h - a +0 ring mail (worn)
Scrolls
 g - a scroll of identify
 i - a scroll of teleportation
Potions
 a - a potion of might {unknown}
 b - a potion of cancellation
 c - a potion of mutation {unknown}
 e - 3 potions of curing
 f - a potion of invisibility {unknown}
 j - a potion of heal wounds
 k - 2 potions of lignification {unknown}

Dungeon Overview and Level Annotations

Branches:
Dungeon (6/15)             Temple (1/1) D:5

Altars:
Ashenzari
Cheibriados
Dithmenos
Elyvilon
Fedhas
Gozag
Hepliaklqana
Kikubaaqudgha
Makhleb
Nemelex Xobeh
Okawaru
Qazlal
Ru
Sif Muna
Trog
Uskayaw
Vehumet
Wu Jian
Xom
Yredelemnul
Zin
The Shining One

Shops:
D:3 :

Annotations:
D:5 1 runed translucent door, Crazy Yiuf


Message History

The bolt hits the black bear!
You kill the black bear!
Okawaru accepts your kill. The steam dragon bites you!
The steam dragon closely misses you.
You shoot a bolt.
The bolt hits the steam dragon but does no damage.
You hear a shout!
A wraith comes into view.
The steam dragon bites you but does no damage.
The steam dragon claws you but does no damage.
An orc warrior comes into view. It is wielding a +0 battleaxe.
You hear an angry hiss.
You shoot a bolt.
The bolt hits the steam dragon but does no damage.
The steam dragon bites you but does no damage.
The steam dragon completely misses you. The orc hits you but does no damage.
The orc barely misses you. The steam dragon breathes steam at you.
The ball of steam hits you!
You hear a shout! x5
You shoot a bolt. The bolt hits the steam dragon.
The steam dragon is lightly wounded.
You are engulfed in a cloud of scalding steam.
The steam dragon bites you but does no damage.
The steam dragon claws you but does no damage.
The orc barely misses you.
You shoot a bolt.
The bolt closely misses the steam dragon.
The bolt barely misses the ogre.
The bolt closely misses the orc warrior.
The bolt barely misses the wraith.
The steam dragon bites you but does no damage.
The steam dragon closely misses you.
The steam dragon bites you but does no damage.
The steam dragon claws you.
You shoot a bolt. The bolt hits the steam dragon.
The steam dragon is moderately wounded.
The ogre hits you with a +0 giant club!!
Ouch! That really hurt!
You die...

...###... ....#.....
.#.......##
###.#........##.
...#..........#
#.....#....... $##
#.###.#....####.
..?.W#O....#.....#...#
#.ooD@#...%.#......#
#.###.#.###.#......# #
..#.....#......#
...............###
/.................##
.##.#..##............
## ...................
....#...##.........
>...###............


You could see a wraith, a steam dragon (catching breath), an orc warrior, an
ogre and an orc.

Vanquished Creatures
  Grinder (D:5)
  2 black bears
  2 ogres
  A phantom (D:5)
  A bullfrog (D:3)
  A scorpion (D:6)
  Blork the orc (D:4)
  A jelly (D:4)
  A hound (D:4)
  4 iguanas (D:5)
  3 orc wizards
  6 adders
  A shadow imp (D:6)
  3 white imps
  5 worms
  4 dart slugs
  13 orcs
  9 ball pythons
  4 endoplasms
  5 giant cockroaches
  8 goblins
  9 hobgoblins
  3 jackals (D:4)
  6 kobolds
  3 quokkas
  3 bats
  7 frilled lizards
  5 rats
112 creatures vanquished.

Notes
Turn   | Place    | Note
-------+----------+-------------------------------------------
     0 | D:1      | qw the Gargoyle Hexslinger began the quest for the Orb.
     0 | D:1      | Reached XP level 1. HP: 12/12 MP: 2/2
     0 | D:1      | 0 ||| qw: Version: 0.3-a-46-gb1f654a
     0 | D:1      | 0 ||| qw: Game counter: 2134
     0 | D:1      | 0 ||| qw: Melee chars always use a shield: true
     0 | D:1      | 0 ||| qw: God list: Okawaru
     0 | D:1      | 0 ||| qw: Allow faded altars: false
     0 | D:1      | 0 ||| qw: Do Orc after clearing Dungeon:15 true
     0 | D:1      | 0 ||| qw: Do second Lair branch before Depths: true
     0 | D:1      | 0 ||| qw: Lair rune preference: random
     0 | D:1      | 0 ||| qw: Goals: Normal
     0 | D:1      | 0 ||| PLANNING D:1-11
   102 | D:1      | Reached XP level 2. HP: 9/16 MP: 3/3
   204 | D:1      | Reached skill level 3 in Ranged Weapons
   245 | D:1      | HP: 4/16 [hobgoblin (3)]
   398 | D:1      | Reached XP level 3. HP: 16/21 MP: 4/4
   664 | D:1      | 664 ||| UPGRADING to +0 helmet.
   669 | D:1      | 669 ||| UPGRADING to +0 ring mail.
   679 | D:1      | 679 ||| DROPPING +0 robe.
   680 | D:1      | 680 ||| READING scroll labelled DECOUPANWE.
   681 | D:1      | 681 ||| READING scroll labelled XAWUSU DOYH.
   682 | D:1      | 682 ||| READING scroll labelled KIRERU ADIARA.
   683 | D:1      | 683 ||| READING scroll labelled DYPISM KAJETE.
   688 | D:1      | 688 ||| DRINKING 2 purple potions.
   689 | D:1      | 689 ||| DROPPING scroll of poison.
   690 | D:1      | 690 ||| DROPPING potion of degeneration.
   755 | D:2      | Found a hazy altar of Hepliaklqana.
   919 | D:2      | Reached skill level 1 in Armour
  1171 | D:2      | Reached XP level 4. HP: 26/26 MP: 5/5
  1306 | D:2      | 1306 ||| READING scroll labelled FERGHAKK QEPLI MEJ.
  1307 | D:2      | 1307 ||| READING scroll labelled GAVVOY ATEDOWK.
  1308 | D:2      | 1308 ||| DRINKING 2 cyan potions.
  1401 | D:3      | Reached skill level 4 in Ranged Weapons
  1550 | D:3      | Reached XP level 5. HP: 30/30 MP: 6/6
  1721 | D:3      | Found Nynoiw's Book Shoppe.
  1825 | D:3      | 1825 ||| SWAPPING to +0 arbalest.
  1827 | D:3      | 1827 ||| DROPPING +2 sling.
  2109 | D:3      | 2109 ||| DRINKING 2 bubbling amethyst potions.
  2110 | D:3      | 2110 ||| READING 4 scrolls of identify.
  2110 | D:3      | 2110 ||| IDENTIFYING emerald potion
  2111 | D:3      | 2111 ||| READING 3 scrolls of identify.
  2111 | D:3      | 2111 ||| IDENTIFYING fuming blue potion
  2112 | D:3      | 2112 ||| READING 2 scrolls of identify.
  2112 | D:3      | 2112 ||| IDENTIFYING glowing clear potion
  2113 | D:3      | 2113 ||| DROPPING potion of magic.
  2114 | D:3      | 2114 ||| DROPPING potion of ambrosia.
  2132 | D:4      | 2132 ||| STAIRDANCE
  2153 | D:4      | 2153 ||| STAIRDANCE
  2157 | D:3      | Reached skill level 5 in Ranged Weapons
  2320 | D:4      | 2320 ||| READING scroll of enchant weapon.
  2320 | D:4      | 2320 ||| ENCHANTING +0 arbalest.
  2392 | D:4      | Reached XP level 6. HP: 35/35 MP: 7/7
  2462 | D:4      | Noticed Blork the orc
  2463 | D:4      | 2463 ||| Stepping ~*~*~tactically~*~*~ (outnumbered).
  2467 | D:4      | 2467 ||| Stepping ~*~*~tactically~*~*~ (outnumbered).
  2470 | D:4      | Reached skill level 3 in Fighting
  2477 | D:4      | HP: 7/37 [Blork the orc/+0 hand axe (10)]
  2478 | D:4      | 2478 ||| READING 2 scrolls of teleportation.
  2478 | D:4      | HP: 2/37 [orc/+0 war axe (6)]
  2479 | D:4      | 2479 ||| DRINKING potion of heal wounds.
  2480 | D:4      | Killed Blork the orc
  2481 | D:4      | Reached skill level 6 in Ranged Weapons
  2539 | D:4      | Found a broken altar of Ashenzari.
  2645 | D:4      | 2645 ||| FLEEEEING.
  2646 | D:4      | 2646 ||| FLEEEEING.
  2647 | D:4      | 2647 ||| FLEEEEING.
  2648 | D:4      | 2648 ||| FLEEEEING.
  2649 | D:4      | 2649 ||| FLEEEEING.
  2650 | D:4      | 2650 ||| FLEEEEING.
  2651 | D:4      | 2651 ||| FLEEEEING.
  2652 | D:4      | 2652 ||| FLEEEEING.
  2653 | D:4      | 2653 ||| FLEEEEING.
  2674 | D:4      | 2674 ||| DRINKING potion of curing.
  2674 | D:4      | 2674 ||| (to cure confusion)
  2871 | D:4      | Reached XP level 7. HP: 44/44 MP: 8/8
  2920 | D:5      | Entered Level 5 of the Dungeon
  2923 | D:5      | 2923 ||| STAIRDANCE
  2957 | D:5      | 2957 ||| STAIRDANCE
  2982 | D:5      | 2982 ||| STAIRDANCE
  3034 | D:5      | Noticed Grinder
  3043 | D:5      | Paralysed by Grinder for 5 turns
  3059 | D:5      | Killed Grinder
  3060 | D:5      | Reached skill level 7 in Ranged Weapons
  3111 | D:5      | Found a runed translucent door.
  3112 | D:5      | Noticed Crazy Yiuf
  3264 | D:5      | Found a shimmering blue altar of Sif Muna.
  3264 | D:5      | Found a radiant altar of Vehumet.
  3324 | D:5      | Found a staircase to the Ecumenical Temple.
  3325 | D:5      | 3325 ||| PLANNING TEMPLE
  3379 | D:3      | 3379 ||| STAIRDANCE
  3401 | D:3      | 3401 ||| STAIRDANCE
  3423 | D:3      | 3423 ||| STAIRDANCE
  3445 | D:3      | 3445 ||| STAIRDANCE
  3467 | D:3      | 3467 ||| STAIRDANCE
  3489 | D:3      | 3489 ||| STAIRDANCE
  3511 | D:3      | 3511 ||| STAIRDANCE
  3533 | D:3      | 3533 ||| STAIRDANCE
  3555 | D:3      | 3555 ||| STAIRDANCE
  3577 | D:3      | 3577 ||| STAIRDANCE
  3599 | D:3      | 3599 ||| STAIRDANCE
  3621 | D:3      | 3621 ||| STAIRDANCE
  3643 | D:3      | 3643 ||| STAIRDANCE
  3665 | D:3      | 3665 ||| STAIRDANCE
  3687 | D:3      | 3687 ||| STAIRDANCE
  3709 | D:3      | 3709 ||| STAIRDANCE
  3731 | D:3      | 3731 ||| STAIRDANCE
  3753 | D:3      | 3753 ||| STAIRDANCE
  3766 | D:4      | 3766 ||| PLANNING TEMPLE
  3766 | D:4      | 3766 ||| STAIRDANCE
  3881 | D:5      | Reached XP level 8. HP: 47/48 MP: 9/9
  3963 | D:5      | Reached skill level 8 in Ranged Weapons
  4259 | D:5      | 4259 ||| READING scroll labelled AGEUBA QINGUA.
  4260 | D:5      | 4260 ||| DRINKING 2 fizzy blue potions.
  4369 | D:5      | 4369 ||| DROPPING potion of berserk rage.
  4407 | D:4      | 4407 ||| STAIRDANCE
  4430 | D:5      | 4430 ||| STAIRDANCE
  4471 | Temple   | Entered the Ecumenical Temple
  4473 | Temple   | 4473 ||| PLANNING OKAWARU WORSHIP
  4517 | Temple   | Became a worshipper of Warmaster Okawaru
  4518 | Temple   | 4518 ||| PLANNING D:1-11
  4758 | D:6      | 4758 ||| PLANNING D:1-11
  4808 | D:6      | Noticed a wraith
  4812 | D:6      | Demolished by an ogre

Levels and vault maps discovered:
D:1:      minmay_arrival_wavy_path, layout_rooms
D:2:      minmay_evil_eye, layout_rooms, basic_altar, minmay_worlds_worst_comb
D:3:      layout_loops_ring, serial_shops, nicolae_lakefront_shop
D:4:      layout_loops_ring, ashenzari_conservatory_becter,
          minmay_misc_feat_alley, uniq_blork_the_orc
D:5:      layout_basic, amethyst_overflow_temple_binary,
          minmay_temple_entry_statues, uniq_crazy_yiuf_cottage, uniq_grinder
D:6:      hangedman_cross_stitches, layout_cave_pools,
          nicolae_concentric_dashed_squares_mild, grunt_decor_junction,
          hangedman_abyss_or_decor_stabs
Temple:   hellmonk_temple_of_storms

Skill      XL: |  1  2  3  4  5  6  7  8 |
---------------+-------------------------+-----
Ranged Weapons | 3 4 5 6 7 8 |  8.6
Fighting       | 2 4 5 |  5.2
Armour         | 1 2 |  2.4
Dodging        | |  1.5
Spellcasting   | |  1.0
Hexes          | |  2.6

Action                     |  1- 3 |  4- 6 |  7- 9 || total
---------------------------+-------+-------+-------++-------
   Fire: Sling             |   177 |    69 |       ||   246
         Arbalest          |       |    85 |    87 ||   172
    Use: Scroll            |     4 |     7 |     1 ||    12
         Potion            |     1 |     4 |     1 ||     6
 Armour: Robe              |    14 |       |       ||    14
         Ring mail         |    30 |    55 |    45 ||   130
  Dodge: Dodged            |    60 |    69 |    33 ||   162

Table legend:
 A = Non-vault XP
 B = Vault XP
 C = Vault XP percentage of total XP
 D = Non-vault monster count
 E = Vault monster count
 F = Vault count percentage of total count
                 A         B        C        D         E       F
            +---------+---------+-------+---------+---------+-------
      Total |    1192 |     604 |  33.6 |      99 |      13 |  11.6
            +---------+---------+-------+---------+---------+-------
        D:1 |      46 |       0 |   0.0 |      27 |       0 |   0.0
        D:2 |      31 |      19 |  38.0 |      11 |       9 |  45.0
        D:3 |     200 |       0 |   0.0 |      23 |       0 |   0.0
        D:4 |     364 |      82 |  18.4 |      26 |       1 |   3.7
        D:5 |     412 |     290 |  41.3 |       9 |       1 |  10.0
        D:6 |     139 |     213 |  60.5 |       3 |       2 |  40.0
            +---------+---------+-------+---------+---------+-------
